 Dungeon Crawl Stone Soup version 0.28.0-45-g0d030f2227 (webtiles) character file.

Game seed: 7096595303676147802

15 Zeld the Gusty (level 2, -1/15 HPs)
             Began as a Tengu Air Elementalist on Apr 6, 2022.
             Slain by a gnoll
             ... wielding a +0 flail
              (6 damage)
             ... on level 1 of the Dungeon.
             The game lasted 00:01:47 (1044 turns).

Zeld the Gusty (Tengu Air Elementalist)             Turns: 1044, Time: 00:01:48

Health: -1/15      AC:  2    Str:  8    XL:     2   Next: 50%
Magic:  5/6        EV: 12    Int: 15    God:
Gold:   14         SH:  0    Dex: 14    Spells: 4/5 levels left

rFire   . . .      SeeInvis .   c - +2 dagger (drain)
rCold   . . .      Faith    .   (no shield)
rNeg    . . .      Spirit   .   a - +0 robe
rPois   .          Reflect  .   (helmet restricted)
rElec   .          Harm     .   (no cloak)
rCorr   .          Rampage  .   (no gloves)
Will    .....                   (boots unavailable)
Stlth   ++........              (no amulet)
HPRegen 0.05/turn               (no ring)
MPRegen 0.10/turn               (no ring)

@: no status effects
A: beak, talons 3
a: no special abilities


You were on level 1 of the Dungeon.
You visited 1 branch of the dungeon, and saw 2 of its levels.

You collected 14 gold pieces.

Inventory:

Hand Weapons
 c - a +2 dagger of draining (weapon)
Armour
 a - a +0 robe (worn)
Scrolls
 d - a scroll of identify {unknown}
Potions
 b - a potion of heal wounds {unknown}


   Skills:
 + Level 2.3 Dodging
 + Level 2.1 Stealth
 * Level 2.3 Spellcasting
 + Level 1.7 Conjurations
 * Level 4.2 Air Magic


You had 4 spell levels left.
You knew the following spells:

 Your Spells              Type           Power      Damage    Failure   Level
a - Shock                 Conj/Air       40%        1d5       6%          1

Your spell library contained the following spells:

 Spells                   Type           Power      Damage    Failure   Level
 Static Discharge         Conj/Air       10%        N/A       10%         2
 Swiftness                Air            14%        N/A       11%         3
 Airstrike                Air            7%         N/A       36%         4


Dungeon Overview and Level Annotations

Branches:
Dungeon (2/15)

Altars:


Innate Abilities, Weirdness & Mutations

You have a beak for a mouth.
You have claws for feet.


Message History

The zap hits the gnoll.
The gnoll is lightly wounded.
The gnoll hits you from afar with a +0 halberd!
Ouch! That really hurt!
There are no items here.
The gnoll closely misses you.
You climb upwards.
There is a stone staircase leading down here.
You start resting.
Magic restored.
You start resting.
HP restored.
You start waiting.
Done waiting.
No target in view!
Unknown command.
Unknown command.
Welcome back, Zeld the Tengu Air Elementalist.
Press ? for a list of commands and other information.
Done exploring.
Okay, then.
You climb downwards.
The gnoll hits you with a +0 flail. x2
There is a stone staircase leading up, spattered with blood here.
The gnoll closely misses you. The gnoll barely misses you. x2
You climb upwards.
There is a stone staircase leading down here.
The gnoll closely misses you.
Casting: Shock (safe; 6% risk of failure)
Confirm with . or Enter, or press ? or * to list all spells.
You don't know that spell.
You are too injured to fight recklessly!
Casting: Shock (safe; 6% risk of failure)
Confirm with . or Enter, or press ? or * to list all spells.
Aiming: Shock (safe; 6% risk of failure)
Press: ? - help, Shift-Dir - straight line, f - gnoll
Aim: a gnoll, wielding a +0 flail (72% to hit)
The zap hits the gnoll.
The gnoll is lightly wounded.
The gnoll hits you with a +0 flail.
You die...

.### ###### ...#####
#....# ...'...# #....#
...###.# #....# ...# #.#
#....# ...# #.# ##...#
...# #.# #...#
...###.####...##########
..........'...'.@g....>#
...###.####...#####.##.#
#### #.# #...# #.##.#
###.####...# #.##.#
#..........# #.##.#
####.#.####.### #.##.#
...†......#.# #.##.#
........#.#.# #.##.#
......(.....##### #.##.#


You could see a gnoll.

Vanquished Creatures
  A dart slug (D:1)
  2 ball pythons (D:1)
  A bat (D:1)
  3 endoplasms (D:1)
  A hobgoblin (D:1)
  A quokka (D:1)
  A frilled lizard (D:1)
  A goblin (D:1)
  A rat (D:1)
12 creatures vanquished.

Notes
Turn   | Place    | Note
-------+----------+-------------------------------------------
     0 | D:1      | Zeld the Tengu Air Elementalist began the quest for the
                  | Orb.
     0 | D:1      | Reached XP level 1. HP: 10/10 MP: 4/4
    68 | D:1      | Found a faded altar of an unknown god.
   436 | D:1      | Reached XP level 2. HP: 15/15 MP: 3/6
  1044 | D:1      | Slain by a gnoll

Illustrated notes

Levels and vault maps discovered:
D:1:      pf_arrival_petrified_forest, layout_basic, basic_ecumenical_altar,
          feat_on_display
D:2:      layout_rooms, basic_altar, moated_statue, uniq_terence

Action                   || total
-------------------------++-------
Melee: Dagger            ||    18
       Kick              ||     5
       Peck              ||     3
 Cast: Shock             ||    16
Armor: Robe              ||     4
Dodge: Dodged            ||    20
